 Dungeon Crawl Stone Soup version 0.28.0-53-g5a82cb258f (webtiles) character file.

Game seed: 8171685514836356388

737 MisterFreud the Covert (level 7, -8/49 (54) HPs)
             Began as a Gnoll Delver on July 27, 2022.
             Was a Believer of Hepliaklqana.
             Mangled by a wight
             ... wielding a +4 mace
              (12 damage)
             ... on level 4 of the Dungeon.
             The game lasted 00:06:34 (4895 turns).

MisterFreud the Covert (Gnoll Delver)               Turns: 4895, Time: 00:06:35

HP:   -8/49 (54)    AC:  6    Str: 12    XL:     7   Next: 75%
MP:   11/11         EV: 13    Int: 11    God:    Hepliaklqana [**....]
Gold: 267           SH:  0    Dex: 13    Spells: 11/11 levels left

rFire   . . .      SeeInvis .   p - +2 dagger (vamp)
rCold   . . .      Faith    .   (no shield)
rNeg    . . .      Spirit   .   b - +0 leather armour
rPois   .          Reflect  .   s - +0 helmet
rElec   .          Harm     .   E - +1 cloak
rCorr   .          Rampage  .   (no gloves)
Will    .....                   (no boots)
Stlth   ++++......              n - amulet of regeneration
HPRegen 0.96/turn               (no ring)
MPRegen 0.12/turn               (no ring)

@: drained
A: reduced essence, fangs 1, strong nose, distributed training
a: Renounce Religion, Recall Ancestor, Ancestor Identity


You were on level 4 of the Dungeon.
You worshipped Hepliaklqana.
Hepliaklqana was pleased with you.
You visited 1 branch of the dungeon, and saw 6 of its levels.

You collected 267 gold pieces.

Inventory:

Hand Weapons
 a - a +0 short sword
 p - a +2 vampiric dagger (weapon)
 D - a +3 vorpal quarterstaff
Missiles
 m - 2 javelins (quivered)
 F - 8 poisoned darts
 J - 4 boomerangs
Armour
 b - a +0 leather armour (worn)
 o - a +1 pair of gloves
 s - a +0 helmet (worn)
 E - a +1 cloak (worn)
Jewellery
 n - an amulet of regeneration (around neck)
 r - an amulet of reflection
 A - an amulet of magic regeneration
 K - an amulet of the acrobat
Wands
 e - a wand of acid (3)
 g - a wand of digging (2)
 H - a wand of flame (12)
 I - a wand of iceblast (10)
Scrolls
 c - a scroll of fog
 d - a scroll of magic mapping
 x - a scroll of fear
Potions
 f - 2 potions of haste
 i - a potion of flight
 t - a potion of might
 u - a potion of mutation {unknown}
 v - a potion of curing {unknown}
 w - a potion of heal wounds {unknown}
 z - a potion of brilliance {unknown}
 B - a potion of attraction {unknown}
 C - a potion of degeneration {unknown}
 G - a potion of ambrosia {unknown}


   Skills:
 + Level 7.1 Fighting
 + Level 5.3 Short Blades
 + Level 2.7 Long Blades
 + Level 2.7 Axes
 + Level 2.7 Maces & Flails
 + Level 2.7 Polearms
 + Level 2.7 Staves
 + Level 2.7 Slings
 + Level 2.7 Bows
 + Level 2.7 Crossbows
 + Level 2.7 Throwing
 + Level 2.7 Armour
 + Level 5.3 Dodging
 + Level 10.0 Stealth
 + Level 2.7 Shields
 + Level 2.7 Unarmed Combat
 + Level 2.7 Spellcasting
 + Level 2.2 Conjurations
 + Level 2.2 Hexes
 + Level 2.2 Summonings
 + Level 2.2 Necromancy
 + Level 2.2 Translocations
 + Level 2.2 Transmutations
 + Level 2.2 Fire Magic
 + Level 2.2 Ice Magic
 + Level 2.2 Air Magic
 + Level 2.2 Earth Magic
 + Level 2.2 Poison Magic
 + Level 3.0 Invocations
 + Level 2.7 Evocations


You had 11 spell levels left.
You didn't know any spells.
Your spell library contained the following spells:

 Spells                   Type           Power      Damage    Failure   Level
 Magic Dart               Conj           24%        1d4       14%         1
 Summon Small Mammal      Summ           24%        N/A       14%         1
 Corpse Rot               Necr/Air       12%        N/A       22%         2
 Searing Ray              Conj           12%        2d4       22%         2
 Sublimation of Blood     Necr           6%         N/A       22%         2
 Wereblood                Tmut           6%         N/A       22%         2
 Call Canine Familiar     Summ           6%         N/A       38%         3
 Summon Guardian Golem    Hex/Summ       6%         N/A       38%         3
 Dispel Undead            Necr           6%         3d8       80%         4
 Fulminant Prism          Conj/Hex       3%         3d6       80%         4
 Death Channel            Necr           3%         N/A       100%        6
 Summon Hydra             Summ           3%         N/A       100%        7


Dungeon Overview and Level Annotations

Branches:
Dungeon (6/15)
 Temple: D:4-7

Altars:
Hepliaklqana

Shops:
D:2 [

Annotations:
D:5 1 transporter, MisterFreud's ghost, weakling GnDe


Innate Abilities, Weirdness & Mutations

Your life essence is reduced to manifest your ancestor. (-10% HP)
You have very sharp teeth.
Your uncanny sense of smell can sniff out nearby items.
Your experience applies equally to all skills.


Message History

You hit the wight but do no damage.
The wight is heavily damaged.
The wight closely misses you.
You barely miss the wight.
The wight is heavily damaged.
Unknown command.
You hit the wight but do no damage.
The wight is heavily damaged.
The wight closely misses you.
Unknown command.
You barely miss the wight. Your bite misses the wight.
The wight is heavily damaged.
The wight hits you with a +4 mace.
Unknown command.
You hit the wight.
The wight is severely damaged.
The wight hits you with a +4 mace!
Unknown command.
You hit the wight but do no damage.
The wight is severely damaged.
You barely miss the wight.
The wight is severely damaged.
The wight hits you with a +4 mace!
You feel drained.
Unknown command.
You closely miss the wight.
The wight is severely damaged.
The wight hits you with a +4 mace!
* * * LOW HITPOINT WARNING * * *
Unknown command.
You hit the wight but do no damage. You bite the wight, but do no damage.
The wight is severely damaged.
Unknown command.
You closely miss the wight.
The wight is severely damaged.
The wight hits you with a +4 mace!
* * * LOW HITPOINT WARNING * * *
You hit the wight.
The wight is almost destroyed.
The wight hits you with a +4 mace!
You die...

###### #....#
####### #....#
.##...#####....###
...............z@#
.##...##########.#
.###### #.#
.###### #.#
.#....# #.#
.#....# #.#
##....###### #.#
...........#
#.#########
......####.#
#.........#


You could see a wight.

Vanquished Creatures
  Blork the orc (D:4)
  A bullfrog (D:6)
  A scorpion (D:4)
  A wight (D:4)
  2 bullfrog zombies (D:6)
  A centaur zombie (D:5)
  Crazy Yiuf (D:2)
  An iguana (D:6)
  A scorpion zombie (D:5)
  An orc wizard (D:3)
  6 adders
  An adder skeleton (D:3)
  2 worms
  A dart slug (D:2)
  3 orcs
  2 bats (D:1)
  5 endoplasms
  5 giant cockroaches
  9 goblins
  4 hobgoblins
  5 jackals (D:2)
  5 quokkas
  4 ball pythons
  6 frilled lizards
  3 kobolds
  3 rats
75 creatures vanquished.

Vanquished Creatures (collateral kills)
  Menkaure (D:4)
  An iguana (D:5)
  An adder (D:2)
  A worm (D:3)
  A dart slug (D:3)
  3 orcs (D:3)
  An endoplasm (D:2)
  3 jackals (D:2)
  A kobold (D:1)
  A bat (D:1)
  A frilled lizard (D:2)
  A rat (D:2)
16 creatures vanquished.

Grand Total: 91 creatures vanquished

Notes
Turn   | Place    | Note
-------+----------+-------------------------------------------
     0 | D:5      | Reached skill level 9 in Stealth
     0 | D:5      | MisterFreud the Gnoll Delver began the quest for the Orb.
     0 | D:5      | Reached XP level 1. HP: 23/23 MP: 1/1
    56 | D:5      | Reached XP level 2. HP: 29/29 MP: 2/2
    56 | D:5      | Reached XP level 3. HP: 35/35 MP: 3/3
    63 | D:5      | Noticed a centaur
   376 | D:6      | Noticed a bullfrog
   388 | D:6      | Killed a bullfrog
   389 | D:6      | Reached skill level 1 in Long Blades
   389 | D:6      | Reached skill level 1 in Axes
   389 | D:6      | Reached skill level 1 in Maces & Flails
   389 | D:6      | Reached skill level 1 in Polearms
   389 | D:6      | Reached skill level 1 in Staves
   389 | D:6      | Reached skill level 1 in Slings
   389 | D:6      | Reached skill level 1 in Bows
   389 | D:6      | Reached skill level 1 in Crossbows
   389 | D:6      | Reached skill level 1 in Throwing
   389 | D:6      | Reached skill level 1 in Armour
   389 | D:6      | Reached skill level 1 in Shields
   389 | D:6      | Reached skill level 1 in Unarmed Combat
   389 | D:6      | Reached skill level 1 in Spellcasting
   389 | D:6      | Reached skill level 1 in Conjurations
   389 | D:6      | Reached skill level 1 in Hexes
   389 | D:6      | Reached skill level 1 in Summonings
   389 | D:6      | Reached skill level 1 in Necromancy
   389 | D:6      | Reached skill level 1 in Translocations
   389 | D:6      | Reached skill level 1 in Transmutations
   389 | D:6      | Reached skill level 1 in Fire Magic
   389 | D:6      | Reached skill level 1 in Ice Magic
   389 | D:6      | Reached skill level 1 in Air Magic
   389 | D:6      | Reached skill level 1 in Earth Magic
   389 | D:6      | Reached skill level 1 in Poison Magic
   389 | D:6      | Reached skill level 1 in Invocations
   389 | D:6      | Reached skill level 1 in Evocations
   389 | D:6      | Reached XP level 4. HP: 17/41 MP: 3/5
   648 | D:6      | HP: 2/41 [iguana (6)]
   651 | D:6      | Reached XP level 5. HP: 3/47 MP: 5/7
  1243 | D:6      | Noticed a sky beast
  1277 | D:5      | Found a transporter.
  1277 | D:5      | Noticed MisterFreud's ghost (weakling GnDe)
  1542 | D:4      | Noticed Blork the orc
  1546 | D:4      | Killed Blork the orc
  1547 | D:4      | Reached XP level 6. HP: 53/53 MP: 8/8
  1606 | D:3      | Reached skill level 5 in Short Blades
  1606 | D:3      | Reached skill level 5 in Dodging
  2038 | D:2      | Found a runed translucent door.
  2039 | D:2      | Noticed Crazy Yiuf
  2168 | D:1      | Found a faded altar of an unknown god.
  2266 | D:1      | Prayed at the altar of an unknown god.
  2266 | D:1      | Became a worshipper of Hepliaklqana the Forgotten
  2266 | D:1      | Reached * piety under Hepliaklqana
  3359 | D:2      | Found Wuguch's Antique Armour Shoppe.
  3773 | D:2      | Killed Crazy Yiuf
  3829 | D:3      | Reached XP level 7. HP: 48/53 MP: 10/10
  4084 | D:3      | Reached ** piety under Hepliaklqana
  4117 | D:3      | Remembered your ancestor Cipactli as a knight
  4386 | D:4      | Noticed Menkaure
  4395 | D:4      | Killed Menkaure
  4818 | D:4      | Reached skill level 10 in Stealth
  4895 | D:4      | Mangled by a wight

Illustrated notes

Levels and vault maps discovered:
D:1:      dpeg_arrival_shelter, layout_loops_cross,
          hellmonk_ecumenical_altar_pennies_from_heaven, minmay_distorted
D:2:      layout_loops_ring, serial_shops, shop, kennysheep_generic_room_16,
          uniq_crazy_yiuf_cottage
D:3:      layout_basic, chequers_serial_rivers_micro_b
D:4:      layout_basic, uniq_blork_the_orc, uniq_menkaure
D:5:      layout_gridville, mainiacjoe_overflow_concentric_impassable,
          minmay_temple_entry_poolview, gammafunk_ghost_mausoleum
D:6:      nicolae_cairo_tiling_large, layout_basic, nicolae_ru_awakened_eye

Skill      XL: |  1  2  3  4  5  6  7 |
---------------+----------------------+-----
Stealth        | 10 | 10.0
Long Blades    | 1 2 |  2.7
Axes           | 1 2 |  2.7
Maces & Flails | 1 2 |  2.7
Polearms       | 1 2 |  2.7
Staves         | 1 2 |  2.7
Slings         | 1 2 |  2.7
Bows           | 1 2 |  2.7
Crossbows      | 1 2 |  2.7
Throwing       | 1 2 |  2.7
Armour         | 1 2 |  2.7
Shields        | 1 2 |  2.7
Unarmed Combat | 1 2 |  2.7
Spellcasting   | 1 2 |  2.7
Conjurations   | 1 2 |  2.2
Hexes          | 1 2 |  2.2
Summonings     | 1 2 |  2.2
Necromancy     | 1 2 |  2.2
Translocations | 1 2 |  2.2
Transmutations | 1 2 |  2.2
Fire Magic     | 1 2 |  2.2
Ice Magic      | 1 2 |  2.2
Air Magic      | 1 2 |  2.2
Earth Magic    | 1 2 |  2.2
Poison Magic   | 1 2 |  2.2
Invocations    | 1 2 3 |  3.0
Evocations     | 1 2 |  2.7
Short Blades   | 5 |  5.3
Dodging        | 5 |  5.3
Fighting       | 7 |  7.1

Action                   |  1- 3 |  4- 6 |  7- 9 || total
-------------------------+-------+-------+-------++-------
Melee: Short sword       |    18 |    86 |       ||   104
       Bite              |     2 |    34 |    13 ||    49
       Punch             |     1 |     6 |     4 ||    11
       Dagger            |       |   148 |    92 ||   240
Invok: Ancestor Life: Kn |       |       |     1 ||     1
Evoke: Wand              |     1 |       |       ||     1
  Use: Scroll            |     1 |       |     7 ||     8
 Stab: Sleeping          |     1 |    26 |     3 ||    30
       Distracted        |       |     1 |       ||     1
       Invisible         |       |     1 |       ||     1
Armor: Leather armour    |     6 |    44 |     9 ||    59
Dodge: Dodged            |    17 |   107 |    44 ||   168
